 Dungeon Crawl Stone Soup version 0.31-a0-198-g2ad674f65e (webtiles) character file.

Game seed: 1084626644577479120

15 qw the Shooter (level 2, 0/16 HPs)
             Began as a Deep Elf Hunter on June 25, 2023.
             Succumbed to their own poison gas
             ... on level 1 of the Dungeon.
             The game lasted 00:00:10 (516 turns).

qw the Shooter (Deep Elf Hunter)                     Turns: 516, Time: 00:00:11

Health: 0/16       AC:  6    Str:  8    XL:     2   Next: 34%
Magic:  3/4        EV:  8    Int: 13    God:
Gold:   45         SH:  0    Dex: 18    Spells: 1/1 levels left

rFire   . . .        Y - +0 shortbow
rCold   . . .        (shield currently unavailable)
rNeg    . . .        k - +0 scale mail
rPois   .            (no helmet)
rElec   .            (no cloak)
rCorr   .            (no gloves)
SInv    .            (no boots)
Will    .....        d - amulet of guardian spirit
Stlth   +            (no ring)
HPRegen 0.22/turn    (no ring)
MPRegen 0.09/turn

%: guardian spirit
@: lethally poisoned (0 -> -11)
A: no striking features
a: no special abilities


You were on level 1 of the Dungeon.
You visited 1 branch of the dungeon, and saw 1 of its levels.

You collected 67 gold pieces.
You spent 22 gold pieces at shops.


   Skills:
 - Level 1.5 Fighting
 + Level 6.2 Ranged Weapons
 - Level 2.4 Dodging
 - Level 1.2 Stealth


You had one spell level left.
You didn't know any spells.
Your spell library was empty.

Inventory:

Hand Weapons
 Y - a +0 shortbow (weapon)
Armour
 k - a +0 scale mail (worn)
Jewellery
 d - an amulet of guardian spirit (around neck)
Scrolls
 a - a scroll of identify
Potions
 e - a potion of attraction {unknown}
 j - a potion of enlightenment {unknown}

Dungeon Overview and Level Annotations

Branches:
Dungeon (1/15)

Altars:

Shops:
D:1 *


Message History

The air fills with toxic fumes!
As you read the scroll labelled GOABBURAIRO, it crumbles to dust.
It was a scroll of poison.
Done exploring.
512 ||| READING scroll labelled CUODA MUOVOASO.
As you read the scroll labelled CUODA MUOVOASO, it crumbles to dust.
You feel momentarily disoriented.
It was a scroll of revelation.
Enter note:
Enter note:
Enter note:
Enter note: Done exploring.
513 ||| DROPPING scroll of butterflies.
You drop a scroll of butterflies.
Done exploring.
(D) Dungeon
Where to? (* - list waypoints, ? - help)
What level of the Dungeon? (default 1, ? - help) Sorry, I don't know how to get there.
Enter note:
Enter note:
Enter note:
Enter note:
Enter note:
Enter note:
Enter note:
Enter note:
Enter note:
Enter note:
Enter note:
Enter note: Really walk into that cloud of poison gas?
You are engulfed in poison gas.
You are lethally poisoned!
You feel very sick.
515 ||| Stepping ~*~*~tactically~*~*~ (cloud).
You feel very sick.
Things that are here:
a scroll of butterflies; a +0 leather armour
There is a lethal amount of poison in your body!
You die...

##################
##¤¤¤¤¤¤¤¤¤¤¤¤¤~~#
##¤¤¤¤¤¤0¤¤¤¤¤¤~~#
##¤¤0¤¤¤¤¤¤¤¤¤¤~~#
##¤¤¤¤¤¤¤¤¤¤¤¤0.~####
##¤0¤¤¤¤¤¤¤¤0¤¤.....####
##¤¤¤¤¤¤¤¤¤¤¤¤¤.~##.....
##¤¤¤¤¤@¤¤¤¤¤¤0~~#######
##¤¤¤0¤¤¤0¤¤¤¤¤~~# #
##¤¤¤¤0¤¤¤¤0¤¤¤~~# #
#########¤######## #
#########¤##### #
#########¤##### #
#########.0#### ######
##########¤#### #.....
#.# #.####


There were no monsters in sight!

Vanquished Creatures
  2 bats (D:1)
  2 endoplasms (D:1)
  A goblin (D:1)
  3 hobgoblins (D:1)
  2 kobolds (D:1)
  2 rats (D:1)
12 creatures vanquished.

Notes
Turn   | Place    | Note
-------+----------+-------------------------------------------
     0 | D:1      | qw the Deep Elf Hunter began the quest for the Orb.
     0 | D:1      | Reached XP level 1. HP: 12/12 MP: 3/3
     0 | D:1      | 0 ||| qw: Version: 0.3-a-22-g0ed2b0b
     0 | D:1      | 0 ||| qw: Game counter: 4924
     0 | D:1      | 0 ||| qw: Melee chars always use a shield: true
     0 | D:1      | 0 ||| qw: God list: Okawaru
     0 | D:1      | 0 ||| qw: Allow faded altars: false
     0 | D:1      | 0 ||| qw: Do Orc after clearing Dungeon:15 true
     0 | D:1      | 0 ||| qw: Do second Lair branch before Depths: true
     0 | D:1      | 0 ||| qw: Lair rune preference: random
     0 | D:1      | 0 ||| qw: Goals: Normal
     0 | D:1      | 0 ||| PLANNING D:1-11
   123 | D:1      | Found Cuqaaloh's Assorted Antiques.
   147 | D:1      | Reached skill level 6 in Ranged Weapons
   147 | D:1      | Reached XP level 2. HP: 16/16 MP: 4/4
   171 | D:1      | 171 ||| SHOPLISTING 3 scrolls labelled CUODA MUOVOASO (66
                  | gold, have 59).
   171 | D:1      | 171 ||| SHOPLISTING 3 scrolls labelled DUMALU JIT TUREKK
                  | (66 gold, have 59).
   171 | D:1      | 171 ||| BUYING scroll labelled CUODA MUOVOASO (22 gold).
   171 | D:1      | Bought a scroll labelled CUODA MUOVOASO for 22 gold pieces
   493 | D:1      | 493 ||| UPGRADING to +0 scale mail.
   503 | D:1      | 503 ||| DROPPING +0 leather armour.
   504 | D:1      | 504 ||| UPGRADING to amulet of guardian spirit.
   509 | D:1      | 509 ||| READING 2 scrolls labelled NOREPNE QERURE.
   510 | D:1      | 510 ||| READING scroll labelled DUMALU JIT TUREKK.
   511 | D:1      | 511 ||| READING scroll labelled GOABBURAIRO.
   512 | D:1      | 512 ||| READING scroll labelled CUODA MUOVOASO.
   513 | D:1      | 513 ||| DROPPING scroll of butterflies.
   515 | D:1      | 515 ||| Stepping ~*~*~tactically~*~*~ (cloud).
   515 | D:1      | HP: 3/16 [poisoned by you (poison gas)]
   516 | D:1      | Succumbed to their own poison gas

Levels and vault maps discovered:
D:1:      dpeg_arrival_shrine, layout_rooms, serial_shops,
          nicolae_shop_hallway_plus

Skill      XL: |  1 |
---------------+----+-----
Ranged Weapons | 6 |  6.2
Fighting       | |  1.5
Dodging        | |  2.4
Stealth        | |  1.2

Action                     || total
---------------------------++-------
   Fire: Shortbow          ||    26
    Use: Scroll            ||     4
  Dodge: Dodged            ||     1

Table legend:
 A = Non-vault XP
 B = Vault XP
 C = Vault XP percentage of total XP
 D = Non-vault monster count
 E = Vault monster count
 F = Vault count percentage of total count
                 A         B        C        D         E       F
            +---------+---------+-------+---------+---------+-------
      Total |      22 |       0 |   0.0 |      12 |       0 |   0.0
            +---------+---------+-------+---------+---------+-------
        D:1 |      22 |       0 |   0.0 |      12 |       0 |   0.0
            +---------+---------+-------+---------+---------+-------
